 Dungeon Crawl Stone Soup version 0.18.1-5-g4a78601 (webtiles) character file.

58 Mefis the Magician (level 3, 0/19 HPs)
             Began as a Deep Elf Wizard on May 11, 2016.
             Slain by a gnoll
             ... wielding a +0 spear
              (7 damage)
             ... on level 2 of the Dungeon.
             The game lasted 00:02:33 (1599 turns).

Mefis the Magician (Deep Elf Wizard)                Turns: 1599, Time: 00:02:33

Health: 0/19       AC:  4    Str:  4    XL:     3   Next: 75%
Magic:  1/11       EV: 13    Int: 23    God:
Gold:   131        SH:  0    Dex: 13    Spells: 5 memorised, 2 levels left

rFire  . . .     SeeInvis .     k - +2 dagger (flame)
rCold  . . .     Gourm    .     a - +0 robe
rNeg   . . .     Faith    .     (no shield)
rPois  .         Spirit   .     b - +0 hat
rElec  .         Dismiss  .     p - +1 cloak
rCorr  .         Reflect  .     (no gloves)
SustAt .         Harm     .     (no boots)
MR     .....                    (no amulet)
Stlth  ++........               (no ring)
                                (no ring)

@: very slightly contaminated, repel missiles, not resistant to hostile
enchantments, unstealthy
A: no striking features
a: no special abilities


You were on level 2 of the Dungeon.
You were hungry.

You visited 1 branch of the dungeon, and saw 2 of its levels.

You collected 131 gold pieces.

Inventory:

Hand Weapons
 g - a +0 short sword
 k - a +2 dagger of flaming (weapon)
Missiles
 q - 17 arrows
 u - 7 poisoned needles
Armour
 a - a +0 robe (worn)
 b - a +0 hat (worn)
 p - a +1 cloak (worn)
Scrolls
 f - 2 scrolls of identify {unknown}
 l - a scroll of enchant armour {unknown}
 n - a scroll of teleportation {unknown}
 r - a scroll of remove curse {unknown}
 s - 3 scrolls of magic mapping {unknown}
Potions
 e - a potion of cancellation {unknown}
 h - 3 potions of curing {unknown}
 m - a potion of agility {unknown}
Books
 c - a book of Minor Magic

   Spells                             Type                      Level
   a - Magic Dart                     Conjuration                  1
   b - Blink                          Translocation                2
   c - Call Imp                       Summoning                    2
   d - Repel Missiles                 Charms/Air                   2
   e - Slow                           Hexes                        2
   f - Conjure Flame                  Conjuration/Fire             3
   g - Mephitic Cloud                 Conjuration/Poison/Air       3
Comestibles
 d - 2 bread rations
 i - a slice of pizza
 j - 6 fruits
 o - a meat ration
 t - a beef jerky


   Skills:
 + Level 3.2 Dodging
 + Level 3.0 Stealth
 + Level 5.1 Spellcasting
 + Level 2.2 Conjurations
 + Level 1.3 Summonings
 - Level 1.1 Translocations


You had 2 spell levels left.
You knew the following spells:

 Your Spells              Type           Power        Failure   Level  Hunger
a - Magic Dart            Conj           ###.         3%          1    None
b - Call Imp              Summ           ##......     10%         2    None
c - Blink                 Tloc           N/A          12%         2    None
d - Repel Missiles        Chrm/Air       #.....       17%         2    None
e - Mephitic Cloud        Conj/Pois/Air  #.......     21%         3    ##.....


Dungeon Overview and Level Annotations

Branches:
Dungeon (2/15)

Altars:


Message History

Aiming: Mephitic Cloud
Press: ? - help, Shift-Dir - straight line, f/p - gnoll
Aim: a gnoll, wielding a spear The ball explodes into a vile cloud!
The stinking cloud engulfs the gnoll.
The gnoll is engulfed in noxious fumes.
Casting: Mephitic Cloud
Confirm with . or Enter, or press ? or * to list all spells.
Aiming: Magic Dart
Press: ? - help, Shift-Dir - straight line, f/p - gnoll
Aim: a gnoll, wielding a spear (noxious fumes)
The magic dart hits the gnoll.
The gnoll is engulfed in noxious fumes.
Casting: Magic Dart
Confirm with . or Enter, or press ? or * to list all spells.
Aiming: Magic Dart
Press: ? - help, Shift-Dir - straight line, f/p - gnoll
Aim: a gnoll, wielding a spear (lightly wounded)
The magic dart hits the gnoll.
The gnoll is moderately wounded.
The gnoll hits you from afar with a spear!
You die...

#.......#.## #.#
#....# #.# ###..#
#. #..########
#..........
.#######.#########
.........########
#######..........
##@######## #.#
#g# #§# ...#####§#
....gg))§#
...#######


You could see a gnoll.

Vanquished Creatures
  An adder (D:2)
  2 dart slugs
  2 giant geckos (D:1)
  3 goblins
  2 hobgoblins (D:2)
  2 jackals (D:1)
  3 bats
  2 giant newts (D:1)
  5 kobolds
  5 rats (D:1)
27 creatures vanquished.

Vanquished Creatures (collateral kills)
  2 gnolls (D:2)
2 creatures vanquished.

Grand Total: 29 creatures vanquished

Notes
Turn   | Place    | Note
--------------------------------------------------------------
     0 | D:1      | Mefis the Deep Elf Wizard began the quest for the Orb.
     0 | D:1      | Reached XP level 1. HP: 10/10 MP: 7/7
   421 | D:1      | Reached XP level 2. HP: 15/15 MP: 5/9
   458 | D:1      | Learned a level 2 spell: Call Imp
   461 | D:1      | Learned a level 2 spell: Blink
   464 | D:1      | Learned a level 2 spell: Repel Missiles
  1192 | D:2      | Reached skill level 5 in Spellcasting
  1292 | D:2      | Reached XP level 3. HP: 19/19 MP: 8/11
  1587 | D:2      | Learned a level 3 spell: Mephitic Cloud
  1599 | D:2      | Slain by a gnoll

Skill      XL: |  1  2  3 |
---------------+----------+-----
Spellcasting   | 5 |  5.1
Conjurations   | 2 |  2.2
Dodging        | 3 |  3.2
Stealth        | 3 |  3.0
Summonings     | |  1.3
Translocations | |  1.1

Action                   || total
-------------------------++-------
Melee: Unarmed           ||     4
       Dagger            ||     4
 Cast: Magic Dart        ||    55
       Repel Missiles    ||     1
       Mephitic Cloud    ||     1
       Call Imp          ||     1
 Stab: Sleeping          ||     2
  Eat: Chunk             ||     1
Dodge: Dodged            ||     5
       Deflected         ||     1
